 Dungeon Crawl Stone Soup version 0.18-a0-641-g4caf58e (webtiles) character file.

15764 Hedron the Severer (level 12, -19/107 HPs)
             Began as a Hill Orc Gladiator on Dec 5, 2015.
             Was a High Priest of Beogh.
             Demolished by a large slime creature (22 damage)
             ... on level 12 of the Dungeon.
             The game lasted 00:36:03 (13302 turns).

Hedron the Severer (Hill Orc Gladiator)            Turns: 13302, Time: 00:36:03

Health: -19/107    AC: 18    Str: 23    XL:     12   Next: 30%
Magic:  12/12      EV: 16    Int:  8    God:    Beogh [*****.]
Gold:   670        SH:  0    Dex: 17    Spells: 0 memorised, 11 levels left

rFire  . . .     SeeInvis +     a - +5 war axe
rCold  + + .     Clarity  .     J - +3 ring mail of the Blue Skies {rElec MR+ Slay+3}
rNeg   . . .     SustAt   .     (no shield)
rPois  +         Gourm    .     c - +1 helmet
rElec  +         Spirit   .     t - +2 cloak
rCorr  .         Dismiss  .     (no gloves)
rMut   .         Stasis   +     q - +0 pair of boots {Fly}
MR     +....                    n - amulet of stasis
Stlth  +.........               g - ring of the Trout {rC++ Str+4 Slay+5}
                                K - ring of see invisible

@: flying, somewhat resistant to hostile enchantments, very unstealthy
A: walk on water, agile 1, poison resistance
a: Smiting, Recall Orcish Followers, Give Item to Named Follower, Renounce
Religion, Stop Flying


You were on level 12 of the Dungeon.
You worshipped Beogh.
Beogh was extremely pleased with you.
You were not hungry.

You visited 1 branch of the dungeon, and saw 12 of its levels.
You also visited: Ossuary.

You collected 991 gold pieces.
You spent 321 gold pieces at shops.

Inventory:

Hand Weapons
 a - a +5 war axe (weapon)
Missiles
 d - 5 throwing nets (quivered)
 p - 8 tomahawks
 v - 5 tomahawks of returning
 G - 4 silver tomahawks
Armour
 c - a +1 helmet (worn)
 q - a +0 pair of boots of flying (worn)
 t - a +2 cloak (worn)
 J - the +3 ring mail of the Blue Skies (worn) {rElec MR+ Slay+3}
   (You found it on level 10 of the Dungeon)

   It affects your accuracy and damage with ranged weapons and melee attacks
   (+3).
   It insulates you from electricity.
   It affects your resistance to hostile enchantments.
Jewellery
 g - the ring of the Trout (right hand) {rC++ Str+4 Slay+5}
   (You bought it in a shop on level 5 of the Dungeon)

   [ring of strength]

   It affects your strength (+4).
   It affects your accuracy and damage with ranged weapons and melee attacks
   (+5).
   It greatly protects you from cold.
 l - an uncursed ring of protection from cold
 n - an amulet of stasis (around neck)
 H - an uncursed ring of invisibility
 K - a ring of see invisible (left hand)
 L - an uncursed ring of protection from fire
Wands
 b - a wand of random effects (26)
 u - a wand of draining (6)
 y - a wand of lightning (7)
 F - a wand of confusion (25)
Scrolls
 r - 4 scrolls of magic mapping
 s - a scroll of fear
 w - 2 scrolls of recharging
 B - 4 scrolls of remove curse
 E - a scroll of fog
Potions
 f - 7 potions of curing
 h - 2 potions of lignification
 i - a potion of resistance
 m - 3 potions of heal wounds
 x - a potion of cancellation {unknown}
 z - 2 potions of ambrosia
 C - 2 potions of agility
 D - 2 potions of haste
Comestibles
 e - 9 bread rations
 j - 2 slices of pizza
 k - 2 chunks of flesh
 o - 5 meat rations
 A - 8 beef jerkies


   Skills:
 + Level 10.5 Fighting
 - Level 16.0 Axes
 - Level 1.7 Throwing
 + Level 9.6 Armour
 + Level 7.8 Dodging


You had 11 spell levels left.
You didn't know any spells.

Dungeon Overview and Level Annotations

Branches:
Dungeon (12/15)            Temple (0/1) D:6            Lair (0/8) D:9
    Orc (0/4) D:12

Altars:
Cheibriados
Dithmenos
Fedhas
Gozag
Kikubaaqudgha
Makhleb
Nemelex Xobeh
Pakellas
Qazlal
Ru
Xom
Yredelemnul
Zin
The Shining One

Shops:
D:5 *   D:6 *


Innate Abilities, Weirdness & Mutations

You can walk on water.
You are agile. (Dex +2)
Your system is resistant to poisons.


Message History

The large slime creature hits Syrus!
Syrus roars a battlecry!
Your orc goes into a battle-frenzy!
Syrus hits the large slime creature with a mace!
The large slime creature hits Syrus!!
Unknown command.
Two slime creatures merge to form a very large slime creature.
Your orc knight hits the very large slime creature from afar with a trident!
The large slime creature hits Syrus!
Unknown command.
Syrus hits the large slime creature with a mace.
Your orc knight hits the very large slime creature from afar with a trident!!
The large slime creature hits Syrus!!
Syrus dies!
Unknown command.
Your orc knight hits the very large slime creature from afar with a trident!
The very large slime creature hits you!!!
* * * LOW HITPOINT WARNING * * *
The large slime creature hits you!!
You die...

#.......# ####.......#
#8...[.....###
#..........#.<
+.o>.......#.## ##
#.oooo........ .#
#8ooooo......# .#.
##ooooo..##..###(#.
#@##o##.##..#.....
#).5JJ##.......o......
......cc##.##.##).....##
.##...[c##.##.######)##
#............# #.#
#.........#### ##o##
....#....###


#ooo# ...#...... #ooo# .... #ooo## You could see a very large slime creature, a
large slime creature, 3 centaurs, a shadow imp, a friendly orc knight, 6
friendly orc warriors, a friendly orc wizard (invisible) and 7 friendly orcs.

Vanquished Creatures
  2 unseen horrors
  3 hill giants
  Pikel (D:7)
  3 ugly things
  A troll (D:11)
  5 redbacks (D:12)
  3 deep elf magi
  12 yaks
  A warg (D:9)
  An ice beast (D:9)
  3 orc warriors
  A water moccasin (D:12)
  2 eyes of draining
  2 centaurs
  A wasp (D:10)
  2 ogres
  4 sky beasts
  A slave (D:7)
  2 phantoms
  6 giant frogs
  A crocodile (D:9)
  A necrophage (D:10)
  A big kobold (D:12)
  A wyvern zombie (D:12)
  4 scorpions
  2 jellies
  A water moccasin skeleton (D:4)
  12 killer bees
  10 wights
  4 crimson imps
  A centaur zombie (D:6)
  6 hounds
  4 iguanas
  A quasit (D:7)
  4 orc wizards
  5 orc priests
  2 worker ants
  A big kobold zombie (Ossuary)
  8 mummies (Ossuary)
  A worker ant zombie (D:10)
  15 adders
  15 gnolls
  4 shadow imps
  An ooze (D:3)
  4 adder skeletons
  3 worms
  9 giant geckos
  20 orcs
  3 giant cockroaches
  9 hobgoblins
  10 jackals
  6 kobolds
  3 quokkas
  6 bats
  2 giant newts (D:1)
  7 goblins
  5 hobgoblin zombies (Ossuary)
  A kobold zombie (Ossuary)
  An orc zombie (Ossuary)
  24 rats
274 creatures vanquished.

Vanquished Creatures (collateral kills)
  Frances (D:12)
  The ghost of AnCiEnTIStOnEIBeAsT the Destroyer, a novice OpFE (D:8)
  A hill giant (D:11)
  A troll (D:10)
  3 redbacks (D:12)
  A yak (D:8)
  A warg (D:9)
  A gnoll sergeant (D:7)
  A sky beast (D:11)
  2 eyes of draining (D:11)
  A phantom (D:9)
  A crocodile (D:10)
  2 wights
  2 crimson imps
  2 centaur zombies
  2 hounds
  A jelly (D:8)
  A quasit (D:12)
  An iguana (D:8)
  A hound zombie (D:8)
  An adder (D:11)
  A shadow imp (D:11)
  7 orcs
  A kobold (D:12)
  A quokka (D:10)
38 creatures vanquished.

Vanquished Creatures (others)
  2 orc knights (D:12)
  An orc warrior (D:12)
  A slave (D:7)
  A giant frog (D:3)
  3 orc wizards (D:12)
  8 orcs
16 creatures vanquished.

Grand Total: 328 creatures vanquished

Notes
Turn   | Place    | Note
--------------------------------------------------------------
     0 | D:1      | Hedron the Hill Orc Gladiator began the quest for the Orb.
     0 | D:1      | Reached XP level 1. HP: 18/18 MP: 1/1
   116 | D:1      | Reached XP level 2. HP: 13/25 MP: 2/2
   503 | D:1      | Reached skill level 5 in Axes
  1017 | D:2      | Reached XP level 3. HP: 12/30 MP: 3/3
  1249 | D:2      | Found a basalt altar of Yredelemnul.
  1530 | D:2      | Reached skill level 6 in Axes
  1572 | D:2      | Found a glowing golden altar of the Shining One.
  1693 | D:2      | Reached XP level 4. HP: 37/37 MP: 4/4
  1889 | D:3      | Reached skill level 7 in Axes
  1917 | D:3      | Reached XP level 5. HP: 42/42 MP: 5/5
  1926 | D:3      | Found a faded altar to an unknown god.
  2097 | D:3      | Became a worshipper of Beogh the Brigand
  2606 | D:4      | Reached skill level 8 in Axes
  2739 | D:4      | Reached XP level 6. HP: 27/50 MP: 6/6
  2937 | D:4      | Reached skill level 9 in Axes
  3442 | D:4      | Reached * piety under Beogh
  3914 | D:4      | Reached skill level 10 in Axes
  3914 | D:4      | Reached XP level 7. HP: 51/56 MP: 7/7
  3981 | D:5      | Entered Level 5 of the Dungeon
  4005 | D:5      | Found Izxullan's Assorted Antiques.
  4012 | D:5      | Bought a runed chain mail for 103 gold pieces
  4025 | D:5      | Bought a scorched tin ring for 115 gold pieces
  4025 | D:5      | Identified the ring of the Trout {rC++ Str+4 Slay+5} (You bought it in a shop on level 5 of the Dungeon)
  4094 | D:5      | Found an opulent altar of Gozag.
  4222 | D:5      | Found a snail-covered altar of Cheibriados.
  4660 | D:6      | Reached skill level 11 in Axes
  4661 | D:6      | Reached ** piety under Beogh
  4788 | D:6      | Reached XP level 8. HP: 45/62 MP: 8/8
  4796 | D:6      | Reached skill level 12 in Axes
  4920 | D:6      | Found a shimmering altar of Xom.
  4920 | D:6      | Noticed an angel
  4921 | D:6      | Found a glowing silver altar of Zin.
  4979 | D:6      | Found Cabbi's Assorted Antiques.
  5111 | D:6      | Found a snail-covered altar of Cheibriados.
  5583 | D:6      | Found a staircase to the Ecumenical Temple.
  5643 | D:5      | Bought a pair of glowing boots for 103 gold pieces
  5823 | D:7      | Reached skill level 13 in Axes
  5846 | D:7      | Found an oddly glowing altar of Pakellas.
  6010 | D:7      | Found a sand-covered staircase.
  6018 | Ossuary  | Entered an ossuary
  6285 | D:7      | Found a shadowy altar of Dithmenos.
  6285 | D:7      | Found a sacrificial altar of Ru.
  6406 | D:7      | Reached skill level 14 in Axes
  6413 | D:7      | Noticed Pikel
  6431 | D:7      | Reached *** piety under Beogh
  6431 | D:7      | Reached XP level 9. HP: 54/68 MP: 9/9
  6440 | D:7      | Killed Pikel
  6440 | D:7      | Reached skill level 15 in Axes
  7080 | D:7      | Found a sparkling altar of Nemelex Xobeh.
  7192 | D:7      | Reached skill level 16 in Axes
  7282 | D:7      | Found a burning altar of Makhleb.
  7322 | D:7      | Reached skill level 1 in Armour
  7900 | D:8      | Reached XP level 10. HP: 72/78 MP: 10/10
  8158 | D:8      | Reached skill level 5 in Fighting
  8461 | D:8      | Noticed AnCiEnTIStOnEIBeAsT's ghost (novice OpFE)
  8472 | D:8      | Killed AnCiEnTIStOnEIBeAsT's ghost
  8472 | D:8      | Reached skill level 5 in Armour
  9083 | D:9      | Found an ancient bone altar of Kikubaaqudgha.
  9084 | D:9      | Found a blossoming altar of Fedhas.
  9129 | D:9      | Reached **** piety under Beogh
  9164 | D:9      | Found a staircase to the Lair.
  9164 | D:9      | Reached skill level 5 in Dodging
  9625 | D:9      | Found a stormy altar of Qazlal.
 10068 | D:10     | Entered Level 10 of the Dungeon
 10113 | D:10     | Got a scorched ring mail
 10124 | D:10     | Identified the +3 ring mail of the Blue Skies {rElec MR+ Slay+3} (You found it on level 10 of the Dungeon)
 10258 | D:10     | Killed an unseen horror
 10258 | D:10     | Reached XP level 11. HP: 80/92 MP: 11/11
 10622 | D:10     | Gained mutation: Your system is resistant to poisons. [potion of beneficial mutation]
 10623 | D:10     | Gained mutation: You are agile. (Dex +2) [potion of beneficial mutation]
 11049 | D:10     | Noticed a hill giant
 11054 | D:10     | Killed a hill giant
 11419 | D:11     | Killed an unseen horror
 11564 | D:11     | Noticed a hill giant
 11571 | D:11     | Killed a hill giant
 11571 | D:11     | Reached ***** piety under Beogh
 11571 | D:11     | Gained Brandogh as an ally
 11575 | D:11     | Gained Syrus as an ally
 12389 | D:11     | Noticed a hill giant
 12402 | D:11     | Killed a hill giant
 12631 | D:11     | Noticed a hill giant
 12634 | D:11     | Killed a hill giant
 13102 | D:12     | Reached XP level 12. HP: 106/106 MP: 12/12
 13133 | D:12     | Noticed Frances
 13143 | D:12     | Gained Orkrul as an ally
 13146 | D:12     | Your ally Orkrul died
 13148 | D:12     | Your ally Brandogh died
 13152 | D:12     | Reached skill level 10 in Fighting
 13155 | D:12     | Killed Frances
 13177 | D:12     | Found a staircase to the Orcish Mines.
 13301 | D:12     | Your ally Syrus died
 13302 | D:12     | HP: 3/107 [very large slime creature (42)]
 13302 | D:12     | Demolished by a large slime creature

Vault maps used:
D:1:      lemuel_arrival_tunnels, minmay_misc_feat_square
D:2:      nicolae_tso_swordbearing_angel, overflow_temple_1_default,
          minmay_rat_hole
D:3:      ecumenical_altar_2, first_bread
D:4:      minmay_small_thing
D:5:      cheibriados_altar_wand_db, nicolae_overflow_crystal_walls,
          serial_shops, shop
D:6:      grunt_temple_overflow_order_and_chaos_1, minmay_temple_entry_fiery,
          basic_altar, serial_shops, shop
D:7:      lemuel_coloured_pillars_altar, grunt_pakellas_mercury,
          gammafunk_temple_overflow_elements, kennysheep_little_box,
          enter_ossuary_1, uniq_pikel
D:9:      grunt_temple_overflow_growth_and_decay, marbit_many_paths,
          erik_lair_orcish_takeover
D:12:     minmay_orc_entry_temple_small, grunt_ogre_cave, spider_trap,
          uniq_frances
Ossuary:  ossuary_tomb_3

Action                   |  1- 3 |  4- 6 |  7- 9 | 10-12 || total
-------------------------+-------+-------+-------+-------++-------
Melee: War axe           |    81 |   189 |   243 |   297 ||   810
Invok: Convert to Beogh  |       |     1 |       |       ||     1
Evoke: Wand              |       |       |       |     3 ||     3
  Use: Scroll            |     5 |     4 |    10 |    10 ||    29
       Potion            |     1 |       |       |     5 ||     6
 Stab: Distracted        |       |       |     1 |     2 ||     3
  Eat: Chunk             |     2 |     8 |    10 |    18 ||    38
       Pizza             |       |       |     1 |       ||     1
